General information
- name: BNet
- type: Ladder team game (AT/RT)
- host: Battle.net
- saver: miguelitito
map: LostTemple
- players: 4
- length: 29:28
- speed: Fast
- version: 1.26 W3XP
- replay type: Public
» download(125 KB)
Players
team 1 (winner)
rd120 (
yellow | 47 APM | 1192 actions | 25:14)
5 Blademaster
2 Wind Walk
3 Critical Strike
» actions
| Assign group hotkey | 22 | |
| Basic commands | 149 | |
| Build / train | 71 | |
| Enter build submenu | 17 | |
| Enter hero's abilities submenu | 5 | |
| Remove unit from queue | 2 | |
| Right click | 340 | |
| Select / deselect | 290 | |
| Select group hotkey | 241 | |
| Use ability | 55 | |
1192 total
» units
| Peon | 14 | |
| Grunt | 16 | |
| Shaman | 8 | |
| Tauren | 10 | |
48 total
» upgrades
| Armor | 2 | |
| Berserker Strength | 1 | |
| Melee Weapons | 2 | |
| Shaman Training | 2 | |
| Pulverize | 1 | |
8 total
» buildings
| Altar of Storms | 1 | |
| Orc Burrow | 8 | |
| Barracks | 1 | |
| War Mill | 1 | |
| Voodoo Lounge | 1 | |
| Stronghold | 1 | |
| Spirit Lodge | 1 | |
| Fortress | 1 | |
| Tauren Totem | 1 | |
| Great Hall | 2 | |
18 total
» build order
00:21 Altar of Storms
00:38 Orc Burrow
00:56 Barracks
01:55 Orc Burrow
02:08 War Mill
02:22 Voodoo Lounge
02:45 Orc Burrow
03:40 Stronghold
05:21 Orc Burrow
06:42 Spirit Lodge
06:46 Fortress
08:48 Orc Burrow
09:39 Tauren Totem
12:13 Orc Burrow
12:19 Orc Burrow
14:51 Orc Burrow
18:31 Great Hall
24:27 Great Hall
» items
| Healing Salve | 4 | |
| Scroll of Town Portal | 1 | |
5 total
miguelitito (
red | 57 APM | 1676 actions | 29:28)
5 Blood Mage
2 Flame Strike
3 Siphon Mana
» actions
| Assign group hotkey | 32 | |
| Basic commands | 7 | |
| Build / train | 86 | |
| Enter build submenu | 39 | |
| Enter hero's abilities submenu | 5 | |
| Remove unit from queue | 1 | |
| Right click | 924 | |
| Select / deselect | 384 | |
| Select group hotkey | 112 | |
| Use ability | 86 | |
1676 total
» units
| Peasant | 20 | |
| Mortar Team | 16 | |
| Dragonhawk Rider | 7 | |
| Siege Engine | 2 | |
| Gryphon Rider | 2 | |
| Goblin Sapper | 4 | |
51 total
» upgrades
| Armor | 3 | |
| Lumber Harvesting | 1 | |
| Masonry | 1 | |
| Flare | 1 | |
| Gunpowder | 2 | |
| Cloud | 1 | |
| Fragmentation Shards | 1 | |
10 total
» buildings
| Altar of Kings | 1 | |
| Farm | 14 | |
| Lumber Mill | 1 | |
| Scout Tower | 12 | |
| Arcane Vault | 1 | |
| Arcane Tower | 4 | |
| Blacksmith | 1 | |
| Keep | 1 | |
| Town Hall | 1 | |
| Guard Tower | 3 | |
| Workshop | 2 | |
| Gryphon Aviary | 3 | |
| Arcane Sanctum | 1 | |
| Castle | 1 | |
46 total
» build order
00:51 Altar of Kings
01:03 Farm
01:38 Lumber Mill
01:58 Farm
02:15 Scout Tower
02:39 Farm
02:52 Arcane Vault
03:00 Scout Tower
03:19 Arcane Tower
04:30 Arcane Tower
04:39 Blacksmith
05:25 Keep
06:11 Scout Tower
06:13 Scout Tower
06:15 Scout Tower
06:23 Scout Tower
06:24 Scout Tower
06:29 Scout Tower
06:42 Town Hall
06:59 Farm
07:02 Farm
07:06 Scout Tower
07:19 Guard Tower
07:37 Arcane Tower
07:51 Workshop
08:01 Workshop
09:09 Gryphon Aviary
09:18 Gryphon Aviary
09:22 Gryphon Aviary
10:57 Farm
11:15 Guard Tower
12:14 Scout Tower
12:18 Farm
12:21 Farm
12:23 Farm
13:43 Guard Tower
13:48 Scout Tower
13:52 Farm
14:42 Scout Tower
16:47 Arcane Tower
17:12 Farm
18:01 Arcane Sanctum
18:16 Castle
19:24 Farm
24:56 Farm
24:58 Farm
» items
| Boots of Speed | 1 | |
| Circlet of Nobility | 2 | |
| Staff of Teleportation | 1 | |
| Scroll of Regeneration | 2 | |
| Lesser Clarity Potion | 1 | |
| Potion of Lesser Invulnerability | 1 | |
| Potion of Mana | 1 | |
9 total
team 2 (loser)
Rudeeboy.I. (
orange | 100 APM | 2521 actions | 25:14)
8 Blademaster
3 Wind Walk
3 Critical Strike
1 Bladestorm
1 Mirror Image
2 Tauren Chieftain
1 Endurance Aura
1 War Stomp
» actions
| Assign group hotkey | 53 | |
| Basic commands | 118 | |
| Build / train | 122 | |
| ESC pressed | 3 | |
| Enter build submenu | 17 | |
| Enter hero's abilities submenu | 10 | |
| Give item / drop item | 11 | |
| Right click | 1537 | |
| Select / deselect | 378 | |
| Select group hotkey | 128 | |
| Use ability | 141 | |
2521 total
» units
| Peon | 14 | |
| Grunt | 18 | |
| Kodo Beast | 1 | |
| Demolisher | 5 | |
| Tauren | 1 | |
39 total
» upgrades
| Melee Weapons | 1 | |
| Shaman Training | 2 | |
| Berserker Strength | 1 | |
| Ensnare | 2 | |
| War Drums Damage Increase | 1 | |
| Pulverize | 1 | |
| Burning Oil | 1 | |
| Witch Doctor Training | 1 | |
10 total
» buildings
| Altar of Storms | 1 | |
| Barracks | 2 | |
| Orc Burrow | 6 | |
| Voodoo Lounge | 1 | |
| Stronghold | 2 | |
| War Mill | 1 | |
| Fortress | 2 | |
| Spirit Lodge | 2 | |
| Beastiary | 1 | |
| Tauren Totem | 1 | |
19 total
» build order
00:10 Altar of Storms
00:13 Barracks
00:21 Orc Burrow
01:39 Orc Burrow
02:09 Voodoo Lounge
03:03 Orc Burrow
05:13 Stronghold
05:14 Stronghold
05:39 Orc Burrow
05:43 War Mill
05:57 Orc Burrow
06:44 Orc Burrow
07:49 Fortress
07:49 Fortress
07:52 Spirit Lodge
07:55 Beastiary
10:15 Spirit Lodge
10:19 Tauren Totem
13:37 Barracks
» items
| Boots of Speed | 2 | |
| Scroll of Protection | 3 | |
| Healing Salve | 11 | |
| Lesser Clarity Potion | 4 | |
| Orb of Lightning | 3 | |
| Scroll of Town Portal | 1 | |
| Scroll of Speed | 1 | |
| Potion of Healing | 1 | |
| Potion of Mana | 2 | |
| Dust of Appearance | 1 | |
29 total
alxGDmode (
blue | 70 APM | 1517 actions | 21:46)
4 Demon Hunter
1 Immolation
1 Mana Burn
2 Evasion
» actions
| Build / train | 60 | |
| Enter build submenu | 32 | |
| Enter hero's abilities submenu | 4 | |
| Right click | 849 | |
| Select / deselect | 496 | |
| Use ability | 76 | |
1517 total
» units
| Wisp | 28 | |
| Archer | 5 | |
| Huntress | 5 | |
| Dryad | 8 | |
| Druid of the Claw | 2 | |
48 total
» upgrades
| Sentinel | 1 | |
| Druid of the Claw Training | 1 | |
| Abolish Magic | 1 | |
3 total
» buildings
| Moon Well | 12 | |
| Altar of Elders | 1 | |
| Ancient of War | 1 | |
| Ancient of Wonders | 1 | |
| Hunter's Hall | 2 | |
| Tree of Life | 3 | |
| Tree of Ages | 2 | |
| Ancient Protector | 7 | |
| Ancient of Lore | 3 | |
| Tree of Eternity | 1 | |
33 total
» build order
00:21 Moon Well
00:37 Altar of Elders
00:51 Ancient of War
01:37 Moon Well
02:01 Ancient of Wonders
02:29 Moon Well
03:09 Moon Well
03:27 Moon Well
04:25 Moon Well
05:09 Hunter's Hall
05:26 Hunter's Hall
05:56 Tree of Life
06:49 Tree of Ages
06:51 Ancient Protector
07:42 Ancient Protector
09:03 Moon Well
09:14 Ancient of Lore
09:16 Ancient of Lore
09:25 Ancient of Lore
10:23 Moon Well
11:02 Ancient Protector
11:20 Moon Well
12:06 Tree of Eternity
12:42 Moon Well
13:19 Tree of Life
13:38 Moon Well
13:46 Moon Well
15:04 Ancient Protector
15:08 Ancient Protector
15:14 Ancient Protector
15:35 Tree of Life
18:15 Tree of Ages
18:48 Ancient Protector
Chat log
(00:08 / Allies) rd120: hi
(00:13 / Allies) rd120: can u make AA plz?
(00:50 / Allies) rd120: hello???
(00:52 / Allies) miguelitito: hi
(01:01 / Allies) rd120: hi
(01:12 / Allies) rd120: can u make AA?
(01:17 / Allies) miguelitito: sure
(01:21 / Allies) rd120: ty
(01:37 / Allies) rd120: I'll make grunt sham tauren
(01:42 / Allies) miguelitito: good choice
(03:45 / Allies) miguelitito: gold
(03:48 / Allies) miguelitito: ill back
(03:53 / Allies) miguelitito: ty
(04:25 / Allies) rd120: b
(08:04 / Allies) rd120: b
(08:29 / Allies) rd120: b
(10:12 / Allies) rd120: take the bok
(11:12 / Allies) rd120: kk
(13:21 / All) miguelitito: XD
(15:49 / Allies) rd120: b
(15:50 / Allies) rd120: b
(15:55 / Allies) rd120: b
(15:55 / Allies) rd120: b
(16:39 / All) miguelitito: GG
(16:42 / Allies) rd120: ty
(17:25 / All) Rudeeboy.I.: gg
(17:34 / All) rd120: gg
(18:54 / Allies) rd120: u lag man
(19:29 / Allies) miguelitito: gold
(20:19 / Allies) rd120: b
(20:21 / Allies) rd120: b
(20:22 / Allies) rd120: b
(20:34 / Allies) rd120: w8 heal
(20:50 / Allies) rd120: fuck
(20:56 / All) Rudeeboy.I.: fucking noobs
(21:08 / All) Rudeeboy.I.: u win only because my ally is the most noob in the world
(22:52 / Allies) rd120: b
(22:52 / Allies) rd120: b
(23:19 / Allies) miguelitito: gold